 Dungeon Crawl Stone Soup version 0.30.0-29-ga12c61a403 (webtiles) character file.

Game seed: 13350701354164532041

311 qw the Chopper (level 6, -1/39 HPs)
             Began as a Gargoyle Fighter on June 5, 2023.
             Slain by Sigmund
             ... wielding a +0 scythe
              (3 damage)
             ... on level 5 of the Dungeon.
             The game lasted 00:01:08 (2124 turns).

qw the Chopper (Gargoyle Fighter)                   Turns: 2124, Time: 00:01:08

Health: -1/39      AC: 12    Str: 22    XL:     6   Next: 42%
Magic:  6/6        EV:  9    Int:  8    God:
Gold:   194        SH:  4    Dex:  9    Spells: 5/5 levels left

rFire   . . .        Y - +0 war axe
rCold   . . .        c - +0 buckler
rNeg    + . .        b - +0 scale mail
rPois   inf          i - +0 helmet
rElec   +            (no cloak)
rCorr   .            (no gloves)
SInv    .            (no boots)
Will    .....        (no amulet) Stlth
                     (no ring)
HPRegen 0.26/turn    (no ring)
MPRegen 0.10/turn

%: no passive effects
@: about to teleport
A: sickness immunity, AC +4, negative energy resistance 1, electricity
resistance, torment resistance 1, petrification resistance
a: no special abilities


You were on level 5 of the Dungeon.
You visited 1 branch of the dungeon, and saw 5 of its levels.

You collected 194 gold pieces.


Innate Abilities, Weirdness & Mutations

You are immune to sickness and miasma.
Your stone body is resilient. (AC +4)
You are immune to poison.
You resist negative energy. (rN+)
You are resistant to electric shocks. (rElec)
You are resistant to unholy torment.
You are immune to petrification.


   Skills:
 - Level 4.4 Fighting
 - Level 5.2 Axes
 - Level 1.0 Throwing
 - Level 3.2 Armour
 + Level 0.0 Dodging
 - Level 3.2 Shields


You had 5 spell levels left.
You didn't know any spells.
Your spell library was empty.

Inventory:

Hand Weapons
 n - a +0 flail
 Y - a +0 war axe (weapon)
Armour
 b - a +0 scale mail (worn)
 c - a +0 buckler (worn)
 i - a +0 helmet (worn)
Scrolls
 h - a scroll of identify
Potions
 d - a potion of might
 e - 2 potions of attraction
 f - a potion of brilliance {unknown}
 g - a potion of degeneration {unknown}
 j - a potion of lignification {unknown}
 k - a potion of magic {unknown}
 l - a potion of flight {unknown}
 m - a potion of resistance {unknown}

Dungeon Overview and Level Annotations

Branches:
Dungeon (6/15)
 Temple: D:4-7

Altars:
Ashenzari

Annotations:
D:5 Sigmund


Message History

Sigmund is wielding a +0 scythe and wearing a +2 robe of cold resistance.
Sigmund shouts!
The ogre shouts!
You hear a bellow! x2
Enter note: Sigmund casts a spell at you.
The magic dart hits you!
Sigmund points at you and mumbles some strange words.
You are confused.
Sigmund casts a spell at you.
You are more confused.
Sigmund casts a spell at you. You resist with some effort.
Sigmund hits you with a +0 scythe. Sigmund gestures at you while chanting.
You are more confused.
Sigmund hits you with a +0 scythe! Sigmund hits you with a +0 scythe.
Sigmund barely misses you.
Sigmund points at you and mumbles some strange words.
The puff of flame hits you.
Sigmund points at you and mumbles some strange words.
The puff of flame hits you but does no damage.
Sigmund closely misses you.
Sigmund mumbles some strange words.
Sigmund flickers and vanishes!
Deactivating autopickup; reactivate with Ctrl-A.
You hear some strange, mumbled words.
A magic dart appears from out of thin air!
The magic dart hits you!
You hear some strange, mumbled words.
Something tries to affect you, but you resist.
You feel less confused. Something hits you!
2122 ||| READING scroll of teleportation.
As you read the scroll of teleportation, it crumbles to dust.
You feel strangely unstable.
You closely miss something. Something hits you.
You miss something. Something hits you.
You die...

.. .. .
#.##. .#
##.... #
##. ....#
#. #.} O..
#.##.##{#
#..#.@#
#....#
###..# #
#.# ####
#..#####.#
#.# #..#
#........#
#.# #..#
#.....####
#.# #...
####..#
#.# ##.#
#..# #^#
#.. #..#
#.# ###


You could see an ogre.

Vanquished Creatures
  A bullfrog (D:6)
  4 hounds
  An iguana (D:5)
  4 adders
  A worm (D:2)
  2 dart slugs
  8 ball pythons
  7 bats
  4 endoplasms
  7 goblins
  3 hobgoblins
  4 jackals (D:1)
  6 kobolds
  3 quokkas
  4 frilled lizards
  2 rats
61 creatures vanquished.

Notes
Turn   | Place    | Note
-------+----------+-------------------------------------------
     0 | D:1      | qw the Gargoyle Fighter began the quest for the Orb.
     0 | D:1      | Reached XP level 1. HP: 14/14 MP: 1/1
     0 | D:1      | 0 ||| qw: Version: 0.2-a-108-gee2c290
     0 | D:1      | 0 ||| qw: Game counter: 1353
     0 | D:1      | 0 ||| qw: Always use a shield: true
     0 | D:1      | 0 ||| qw: God list: Okawaru
     0 | D:1      | 0 ||| qw: Allow faded altars: false
     0 | D:1      | 0 ||| qw: Do Orc after D:15 true
     0 | D:1      | 0 ||| qw: Do second Lair branch before Depths: true
     0 | D:1      | 0 ||| qw: Lair rune preference: random
     0 | D:1      | 0 ||| qw: Plans: Normal, Zot:1-4, Slime:5, God:TSO, Crypt,
                  | Tomb, Abyss, Pan, Hells, Win
     0 | D:1      | 0 ||| PLANNING D:1-11
    18 | D:1      | Reached skill level 2 in Axes
    73 | D:1      | 73 ||| Stepping ~*~*~tactically~*~*~ (hiding).
    76 | D:1      | Reached XP level 2. HP: 19/19 MP: 2/2
    76 | D:1      | 76 ||| Stepping ~*~*~tactically~*~*~ (hiding).
    77 | D:1      | 77 ||| Stepping ~*~*~tactically~*~*~ (hiding).
   358 | D:1      | Reached skill level 3 in Axes
   405 | D:1      | Reached XP level 3. HP: 22/23 MP: 3/3
   423 | D:1      | 423 ||| Stepping ~*~*~tactically~*~*~ (stealth).
   774 | D:1      | 774 ||| READING scroll labelled POTAIW SAEHUIN.
   775 | D:1      | 775 ||| READING scroll labelled KEHUTHR FESEX.
   779 | D:1      | 779 ||| READING 2 scrolls labelled RODEN FUNA.
   780 | D:1      | 780 ||| READING scroll labelled YTINUG SUOSMOYMYTA.
  1081 | D:2      | Reached XP level 4. HP: 27/28 MP: 4/4
  1490 | D:2      | 1490 ||| UPGRADING to +0 helmet.
  1495 | D:2      | 1495 ||| READING scroll labelled MOAMIS CEDAE.
  1551 | D:3      | Found a broken altar of Ashenzari.
  1557 | D:3      | Reached skill level 1 in Throwing
  1582 | D:3      | Reached skill level 4 in Axes
  1803 | D:3      | You fall into a shaft and drop 3 floors!
  1807 | D:6      | Noticed a bullfrog
  1818 | D:6      | Reached XP level 5. HP: 9/32 MP: 5/5
  1821 | D:6      | Reached skill level 5 in Axes
  1917 | D:6      | 1917 ||| DROPPING +0 whip.
  1930 | D:6      | Identified the +11 falchion "Jellybane" {heavy, Dex+3}
  1969 | D:6      | Reached XP level 6. HP: 37/37 MP: 6/6
  1971 | D:6      | 1971 ||| READING 2 scrolls of identify.
  1971 | D:6      | 1971 ||| IDENTIFYING fuming sapphire potion
  1976 | D:5      | Entered Level 5 of the Dungeon
  2103 | D:5      | Noticed Sigmund
  2121 | D:5      | HP: 2/39 [something (8)]
  2122 | D:5      | 2122 ||| READING scroll of teleportation.
  2124 | D:5      | Slain by Sigmund

Levels and vault maps discovered:
D:1:      dpeg_arrival_central, layout_basic
D:2:      layout_loops_ring
D:3:      minmay_wonky_spiral, layout_rooms, ashenzari_conservatory_becter,
          grunt_decor_mini_mirrors
D:5:      old_forge, layout_loops_ring, nicolae_vehumet_altar_sigil,
          ebering_ghost_disaster_area, grunt_decor_one_mirror, uniq_sigmund,
          uniq_grinder, uniq_pikel
D:6:      layout_basic, zin_statuary, mainiacjoe_overflow_chevrons,
          serial_shops, nicolae_shop_hallway_stairs, uniq_menkaure, uniq_maggie,
          uniq_duvessa

Skill      XL: |  1  2  3  4  5  6 |
---------------+-------------------+-----
Axes           | 2 3 4 5 |  5.2
Throwing       | 1 |  1.0
Fighting       | 4 |  4.4
Armour         | |  3.2
Shields        | |  3.2

Action                     |  1- 3 |  4- 6 || total
---------------------------+-------+-------++-------
  Melee: War axe           |   106 |    44 ||   150
  Throw: Javelin           |       |     8 ||     8
    Use: Scroll            |     4 |     3 ||     7
 Armour: Scale mail        |    71 |    38 ||   109
  Dodge: Dodged            |    45 |    32 ||    77
  Block: Buckler           |    31 |    11 ||    42

Table legend:
 A = Non-vault XP
 B = Vault XP
 C = Vault XP percentage of total XP
 D = Non-vault monster count
 E = Vault monster count
 F = Vault count percentage of total count
                 A         B        C        D         E       F
            +---------+---------+-------+---------+---------+-------
      Total |     445 |       0 |   0.0 |      61 |       0 |   0.0
            +---------+---------+-------+---------+---------+-------
        D:1 |      51 |       0 |   0.0 |      29 |       0 |   0.0
        D:2 |      56 |       0 |   0.0 |      16 |       0 |   0.0
        D:3 |      26 |       0 |   0.0 |       9 |       0 |   0.0
        D:5 |     123 |       0 |   0.0 |       3 |       0 |   0.0
        D:6 |     189 |       0 |   0.0 |       4 |       0 |   0.0
            +---------+---------+-------+---------+---------+-------
